 Dungeon Crawl Stone Soup version 0.20-a0-969-g5a5da1e (webtiles) character file.

53637 Faca the Warrior (level 14, -2/100 HPs)
             Began as a Gargoyle Fighter on Feb 10, 2018.
             Was the Champion of Okawaru.
             Slain by a doubly bezotted skeletal warrior
             ... wielding a +3 hand axe
             ... led by a skeletal warrior
              (11 damage)
             ... on level 10 of the Dungeon.
             The game lasted 00:49:46 (15703 turns).

Faca the Warrior (Gargoyle Fighter)                Turns: 15703, Time: 00:49:47

Health: -2/100     AC: 31    Str: 27    XL:     14   Next: 69%
Magic:  19/19      EV:  9    Int: 11    God:    Okawaru [******]
Gold:   1129       SH: 14    Dex: 16    Spells: 13/13 levels left

rFire    + . .     SeeInvis .   L - +4 demon whip "Yssossud" {flame, rElec Dex+4}
rCold    . . .     Gourm    .   c - +1 shield
rNeg     + . .     Faith    .   M - +2 scale mail {rF+}
rPois    ∞         Spirit   .   R - +0 helmet
rElec    +         Reflect  .   d - +0 cloak
rCorr    .         Harm     .   y - +1 pair of gloves
MR       +....     Rnd*Rage +   f - +0 pair of boots
Stlth    ..........             v - amulet of regeneration
Regen    0.7/turn               p - +3 ring of strength
MPRegen  0.2/turn               E - +2 ring of strength

@: no status effects
A: big wings, icy blue scales 1, yellow scales 1, berserk 1, clever 1, negative
energy resistance 1, electricity resistance, unbreathing, petrification
resistance, rot immunity, AC +9
a: Fly, Heroism, Finesse, Renounce Religion


You were on level 10 of the Dungeon.
You worshipped Okawaru.
Okawaru was exalted by your worship.
You were not hungry.

You visited 3 branches of the dungeon, and saw 18 of its levels.
You also visited: Ice Cave.

You collected 1129 gold pieces.

Inventory:

Hand Weapons
 K - the +1 morningstar of Teukoar Demm {vamp, *Rage MR+ MP-9 Dex+8, unknown}
   (Okawaru gifted it to you on level 6 of the Lair of Beasts)

   It inflicts no extra harm, but heals its wielder when it wounds a living foe.
   It affects your dexterity (+8).
   It affects your resistance to hostile enchantments.
   It affects your magic capacity (-9).
   It may make you go berserk in combat.
 L - the +4 demon whip "Yssossud" (weapon) {flame, rElec Dex+4}
   (Okawaru gifted it to you on level 2 of the Lair of Beasts)

   It has been specially enchanted to burn those struck by it, causing extra
   injury to most foes and up to half again as much damage against particularly
   susceptible opponents.
   It affects your dexterity (+4).
   It insulates you from electricity.
 T - a +2 eveningstar of freezing
Missiles
 w - 17 javelins (quivered)
Armour
 c - a +1 shield (worn)
 d - a +0 cloak (worn)
 f - a +0 pair of boots (worn)
 y - a +1 pair of gloves (worn)
 G - a +0 plate armour
 J - a +0 chain mail of cold resistance
 M - a +2 scale mail of fire resistance (worn)
 R - a +0 helmet (worn)
Jewellery
 m - an uncursed amulet of guardian spirit
 p - a +3 ring of strength (left hand)
 v - an amulet of regeneration (around neck)
 E - a +2 ring of strength (right hand)
Wands
 O - a wand of lightning (7/15)
Scrolls
 a - a scroll of brand weapon
 b - 6 scrolls of enchant weapon
 g - 7 scrolls of fear
 i - 4 scrolls of recharging
 t - 2 scrolls of teleportation
 x - a scroll of fog
 A - 5 scrolls of remove curse
 B - 2 scrolls of blinking
 D - 2 scrolls of magic mapping
 I - 2 scrolls of enchant armour
 N - a scroll of silence
 P - a scroll of random uselessness {unknown}
Potions
 e - 3 potions of mutation
 h - 3 potions of agility
 j - a potion of berserk rage
 l - a potion of haste
 n - a potion of flight
 q - 11 potions of curing
 r - 2 potions of heal wounds
 s - 3 potions of lignification
 u - a potion of brilliance
 z - 3 potions of resistance
 H - 3 potions of might
 U - a potion of magic {unknown}
Comestibles
 k - a royal jelly
 o - a bread ration
 C - 4 meat rations
 Q - 18 fruits


   Skills:
 + Level 16.9 Fighting
 + Level 13.4 Maces & Flails
 + Level 10.4 Armour
 + Level 10.2 Shields
 + Level 7.5 Invocations


You had 13 spell levels left.
You didn't know any spells.

Dungeon Overview and Level Annotations

Branches:
Dungeon (11/15)            Temple (1/1) D:5            Lair (6/6) D:8
  Swamp (0/4) Lair:4       Spider (0/4) Lair:4        Slime (0/5) Lair:5
    Orc: D:9-12

Altars:
Ashenzari
Cheibriados
Dithmenos
Elyvilon
Gozag
Hepliaklqana
Makhleb
Nemelex Xobeh
Okawaru
Qazlal
Ru
Sif Muna
Trog
Vehumet
Wu Jian
Xom
Yredelemnul
Zin
The Shining One
Beogh
Jiyva

Shops:
D:8 =   D:9 }

Annotations:
Lair:1 Sonja


Innate Abilities, Weirdness & Mutations

You are resistant to torment.
Your stone body is resilient. (AC +9)
You are immune to poison.
Your large and strong wings let you fly indefinitely.
You resist negative energy. (rN+)
You are resistant to electric shocks. (rElec)
You can survive without breathing.
You are immune to petrification.
You are immune to rotting.
You are partially covered in icy blue scales. (AC +2)
You are partially covered in yellow scales. (AC +2)
You tend to lose your temper in combat.
Your mind is acute. (Int +2)


Message History

You hit the doubly bezotted skeletal warrior.
You burn the doubly bezotted skeletal warrior.
The doubly bezotted skeletal warrior is severely damaged.
The doubly bezotted skeletal warrior hits you with an enchanted hand axe!!
* * * LOW HITPOINT WARNING * * *
You whack the doubly bezotted skeletal warrior!
You burn the doubly bezotted skeletal warrior!
The doubly bezotted skeletal warrior is severely damaged.
You block the shadow imp's attack.
The doubly bezotted skeletal warrior hits you but does no damage.
You hit the doubly bezotted skeletal warrior.
You burn the doubly bezotted skeletal warrior.
The doubly bezotted skeletal warrior is almost destroyed.
The shadow imp hits you.
* * * LOW HITPOINT WARNING * * *
You whack the doubly bezotted skeletal warrior!
You burn the doubly bezotted skeletal warrior.
The doubly bezotted skeletal warrior is almost destroyed.
The doubly bezotted skeletal warrior hits you with an enchanted hand axe!
You die...

#.# #.(#######..)...# #.#
#<.))†........... #.#
#.(####..........
#.######..## #.##.#####.
#.##.....(.###.##.##.##.
#.##.#........(.....#.#.
#.##.#.#.#.###.(..:....#
#.##.#.#z#.# #.##.#####.
####.##...@.#.# #.##.# #.
#........)5.#.# #.##.# ##.
#.##.##.......###.##.####..
#.##.##.#.........##.#.....
#.##.##.#.....##........)..
#.##.##.#..................
#.##........####..####.##.#
#.#####..##.####..####.##.#
#.# ##.##.##............(


You could see a doubly bezotted skeletal warrior and a shadow imp.

Vanquished Creatures
  Josephine (Lair:6)
  A fire dragon (Lair:6)
  Sonja (Lair:1)
  3 hydras
  A skeletal warrior (D:10)
  A catoblepas (Lair:5)
  2 two-headed ogres
  6 death yaks (Lair:6)
  A fire crab (Lair:6)
  A necromancer (IceCv)
  Pikel (D:4)
  The ghost of Arya the Poker, a novice DsGl of Trog (D:7)
  9 elephants
  A centaur zombie (D:11)
  5 black mambas
  2 gargoyles
  A torpor snail (Lair:6)
  4 ice statues (IceCv)
  3 molten gargoyles (Lair:6)
  2 rime drakes
  5 spiny frogs
  13 komodo dragons
  6 ice devils (IceCv)
  6 jumping spiders (Lair:4)
  Grinder (D:4)
  7 blink frogs
  6 hippogriffs
  2 redbacks (Lair:4)
  7 wyverns
  28 yaks
  4 wraiths (Lair:6)
  8 basilisks
  4 hungry ghosts
  A steam dragon (Lair:6)
  6 hell hounds (Lair:6)
  15 water moccasins
  7 orc warriors
  11 porcupines
  2 ice beasts (D:7)
  A sky beast (D:5)
  38 wolves
  A necrophage (D:7)
  A phantom (D:9)
  3 ogres
  11 centaurs
  15 crocodiles
  2 big kobolds
  10 bullfrogs
  A wyvern zombie (D:6)
  A gnoll sergeant (D:9)
  A scorpion (D:9)
  48 killer bees (Lair:3)
  5 wights (D:11)
  3 draconian simulacra (IceCv)
  3 lava snakes (Lair:6)
  6 crimson imps
  3 quasits
  A bullfrog zombie (D:7)
  6 orc priests
  2 centaur skeletons
  Crazy Yiuf (D:4)
  A bullfrog skeleton (D:6)
  3 hounds
  8 orc wizards
  An iguana (D:8)
  A spriggan simulacrum (IceCv)
  5 worker ants
  3 centaur simulacra (IceCv)
  A hound skeleton (D:8)
  2 worker ant zombies
  18 gnolls
  4 adders
  2 naga simulacra (IceCv)
  An ogre simulacrum (IceCv)
  3 shadow imps
  An ooze (D:2)
  A worm (D:3)
  An adder skeleton (D:6)
  4 dart slugs
  5 leopard geckos
  51 orcs
  4 giant cockroaches
  4 goblins
  9 hobgoblins
  19 jackals
  2 quokkas
  5 bats
  4 frilled lizards
  19 kobolds
  A leopard gecko zombie (D:5)
  A quokka zombie (D:5)
  12 rats
545 creatures vanquished.

Vanquished Creatures (others)
  An orc (D:4)
  7 fungi
  4 plants (Lair:6)
12 creatures vanquished.

Grand Total: 557 creatures vanquished

Notes
Turn   | Place    | Note
-------+----------+-------------------------------------------
     0 | D:1      | Faca the Gargoyle Fighter began the quest for the Orb.
     0 | D:1      | Reached XP level 1. HP: 14/14 MP: 1/1
    47 | D:1      | Reached XP level 2. HP: 17/20 MP: 2/2
   281 | D:1      | Reached skill level 4 in Fighting
   286 | D:1      | Reached XP level 3. HP: 22/24 MP: 3/3
  1001 | D:2      | Reached XP level 4. HP: 29/29 MP: 4/4
  1074 | D:2      | Found a sacrificial altar of Ru.
  1074 | D:2      | Found a snail-covered altar of Cheibriados.
  1163 | D:2      | Found a burning altar of Makhleb.
  1183 | D:2      | Found a shimmering altar of Xom.
  2339 | D:4      | Noticed a hungry ghost
  2344 | D:4      | Reached XP level 5. HP: 34/34 MP: 5/5
  2379 | D:4      | Killed a hungry ghost
  2379 | D:4      | Reached skill level 5 in Fighting
  2379 | D:4      | Reached XP level 6. HP: 39/41 MP: 6/6
  2382 | D:4      | Noticed Grinder
  2396 | D:4      | Killed Grinder
  2396 | D:4      | Reached skill level 6 in Fighting
  2396 | D:4      | Reached XP level 7. HP: 32/47 MP: 5/7
  2413 | D:4      | Found a glowing silver altar of Zin.
  2413 | D:4      | Noticed an angel
  2465 | D:4      | Found a radiant altar of Vehumet.
  2517 | D:4      | Noticed Pikel
  2530 | D:4      | Killed Pikel
  2530 | D:4      | Reached skill level 8 in Fighting
  2530 | D:4      | Reached skill level 5 in Maces & Flails
  2530 | D:4      | Reached XP level 8. HP: 50/55 MP: 6/8
  2655 | D:4      | Found a runed door.
  2958 | D:4      | Noticed Crazy Yiuf
  2969 | D:4      | Killed Crazy Yiuf
  3024 | D:5      | Entered Level 5 of the Dungeon
  3026 | D:5      | Found a staircase to the Ecumenical Temple.
  3094 | D:5      | Gained mutation: Your mind is acute. (Int +2) [mutagenic meat]
  3095 | D:5      | Gained mutation: You tend to lose your temper in combat. [mutagenic meat]
  3096 | D:5      | Gained mutation: You are partially covered in yellow scales. (AC +2) [mutagenic meat]
  3097 | D:5      | Gained mutation: You are partially covered in icy blue scales. (AC +2) [mutagenic meat]
  3102 | Temple   | Entered the Ecumenical Temple
  3111 | Temple   | Became a worshipper of Warmaster Okawaru
  3191 | D:5      | Reached skill level 9 in Fighting
  3250 | D:5      | You fall through a shaft!
  3868 | D:5      | Found a basalt altar of Yredelemnul.
  3939 | D:6      | Found a shadowy altar of Dithmenos.
  3944 | D:6      | Reached * piety under Okawaru
  3988 | D:6      | Reached skill level 10 in Fighting
  4108 | D:6      | Reached XP level 9. HP: 48/62 MP: 9/9
  4479 | D:7      | Reached ** piety under Okawaru
  4547 | D:7      | Reached skill level 11 in Fighting
  4716 | D:7      | Noticed Arya's ghost (novice DsGl)
  4751 | D:7      | Killed Arya's ghost
  4751 | D:7      | Reached *** piety under Okawaru
  4961 | D:7      | Reached skill level 12 in Fighting
  5074 | D:8      | Reached XP level 10. HP: 45/71 MP: 10/10
  5131 | D:8      | Reached **** piety under Okawaru
  5132 | D:8      | Reached skill level 13 in Fighting
  5190 | D:8      | Found a staircase to the Lair.
  5206 | D:8      | Noticed a two-headed ogre
  5220 | D:8      | Killed a two-headed ogre
  5434 | D:8      | Noticed a gargoyle
  5456 | D:8      | Killed a gargoyle
  5456 | D:8      | Reached ***** piety under Okawaru
  5657 | D:8      | Found Bohaneck's Jewellery Shoppe.
  5919 | D:9      | Noticed a two-headed ogre
  5928 | D:9      | Killed a two-headed ogre
  5928 | D:9      | Reached skill level 14 in Fighting
  5928 | D:9      | Reached XP level 11. HP: 80/80 MP: 11/11
  6158 | D:9      | Found Komn's Gadget Emporium.
  6187 | D:9      | Reached skill level 10 in Maces & Flails
  6283 | D:9      | Found a stormy altar of Qazlal.
  6289 | D:9      | Found an opulent altar of Gozag.
  6804 | D:10     | Entered Level 10 of the Dungeon
  7294 | D:10     | Found a roughly hewn altar of Beogh.
  7351 | D:10     | something gained the power of zot (level 1).
  7357 | D:10     | something gained the power of zot (level 1).
  7373 | D:10     | something gained the power of zot (level 1).
  7380 | D:9      | something gained the power of zot (level 1).
  7380 | D:9      | something gained the power of zot (level 2).
  7380 | D:9      | something gained the power of zot (level 1).
  7380 | D:9      | something gained the power of zot (level 1).
  7380 | D:9      | something gained the power of zot (level 2).
  7380 | D:9      | something gained the power of zot (level 1).
  7380 | D:9      | something gained the power of zot (level 2).
  7380 | D:9      | an orc warrior gained the power of zot (level 1).
  7380 | D:9      | something gained the power of zot (level 1).
  7433 | D:10     | something gained the power of zot (level 2).
  7542 | D:10     | a bezotted orc gained the power of zot (level 2).
  8011 | D:11     | Noticed a skeletal warrior
  8012 | D:11     | Noticed a skeletal warrior
  8013 | D:11     | Noticed a skeletal warrior
  8019 | D:10     | a skeletal warrior gained the power of zot (level 1).
  8019 | D:10     | a skeletal warrior gained the power of zot (level 1).
  8019 | D:10     | something gained the power of zot (level 1).
  8019 | D:10     | an orc wizard gained the power of zot (level 1).
  8019 | D:10     | an orc gained the power of zot (level 1).
  8068 | D:10     | Killed a bezotted skeletal warrior
  8068 | D:10     | Reached skill level 15 in Fighting
  8180 | D:8      | Received a gift from Okawaru
  8189 | Lair:1   | a plant gained the power of zot (level 1).
  8189 | Lair:1   | a plant gained the power of zot (level 1).
  8189 | Lair:1   | a plant gained the power of zot (level 1).
  8189 | Lair:1   | a plant gained the power of zot (level 1).
  8189 | Lair:1   | a bush gained the power of zot (level 1).
  8189 | Lair:1   | a plant gained the power of zot (level 1).
  8189 | Lair:1   | a plant gained the power of zot (level 1).
  8189 | Lair:1   | a plant gained the power of zot (level 1).
  8189 | Lair:1   | a bush gained the power of zot (level 1).
  8189 | Lair:1   | a plant gained the power of zot (level 1).
  8189 | Lair:1   | a plant gained the power of zot (level 1).
  8189 | Lair:1   | a plant gained the power of zot (level 1).
  8189 | Lair:1   | something gained the power of zot (level 1).
  8189 | Lair:1   | something gained the power of zot (level 1).
  8189 | Lair:1   | a plant gained the power of zot (level 1).
  8189 | Lair:1   | a fungus gained the power of zot (level 1).
  8189 | Lair:1   | a plant gained the power of zot (level 1).
  8189 | Lair:1   | a plant gained the power of zot (level 1).
  8189 | Lair:1   | a plant gained the power of zot (level 1).
  8189 | Lair:1   | a fungus gained the power of zot (level 1).
  8189 | Lair:1   | a plant gained the power of zot (level 1).
  8189 | Lair:1   | a bush gained the power of zot (level 1).
  8189 | Lair:1   | a plant gained the power of zot (level 1).
  8189 | Lair:1   | a plant gained the power of zot (level 1).
  8189 | Lair:1   | a plant gained the power of zot (level 1).
  8189 | Lair:1   | a plant gained the power of zot (level 1).
  8189 | Lair:1   | a fungus gained the power of zot (level 1).
  8189 | Lair:1   | a plant gained the power of zot (level 1).
  8189 | Lair:1   | Entered Level 1 of the Lair of Beasts
  8214 | Lair:1   | a bezotted plant gained the power of zot (level 2).
  8214 | Lair:1   | a bezotted plant gained the power of zot (level 2).
  8214 | Lair:1   | a bezotted plant gained the power of zot (level 2).
  8214 | Lair:1   | a bezotted plant gained the power of zot (level 2).
  8214 | Lair:1   | a bezotted bush gained the power of zot (level 2).
  8214 | Lair:1   | a bezotted plant gained the power of zot (level 2).
  8214 | Lair:1   | a bezotted plant gained the power of zot (level 2).
  8214 | Lair:1   | a bezotted plant gained the power of zot (level 2).
  8214 | Lair:1   | a bezotted bush gained the power of zot (level 2).
  8214 | Lair:1   | a bezotted plant gained the power of zot (level 2).
  8214 | Lair:1   | a bezotted plant gained the power of zot (level 2).
  8214 | Lair:1   | a bezotted plant gained the power of zot (level 2).
  8214 | Lair:1   | something gained the power of zot (level 2).
  8214 | Lair:1   | something gained the power of zot (level 2).
  8214 | Lair:1   | a bezotted fungus gained the power of zot (level 2).
  8214 | Lair:1   | a bezotted plant gained the power of zot (level 2).
  8214 | Lair:1   | a bezotted plant gained the power of zot (level 2).
  8214 | Lair:1   | a bezotted plant gained the power of zot (level 2).
  8214 | Lair:1   | a bezotted fungus gained the power of zot (level 2).
  8214 | Lair:1   | a bezotted plant gained the power of zot (level 2).
  8214 | Lair:1   | a bezotted bush gained the power of zot (level 2).
  8214 | Lair:1   | a bezotted plant gained the power of zot (level 2).
  8214 | Lair:1   | a bezotted plant gained the power of zot (level 2).
  8214 | Lair:1   | a bezotted plant gained the power of zot (level 2).
  8214 | Lair:1   | a bezotted fungus gained the power of zot (level 2).
  8214 | Lair:1   | a bezotted plant gained the power of zot (level 2).
  8255 | Lair:1   | Noticed Sonja
  8273 | Lair:1   | Reached skill level 5 in Armour
  8281 | Lair:1   | Reached skill level 5 in Shields
  8506 | Lair:1   | Reached XP level 12. HP: 87/87 MP: 12/12
  8745 | Lair:1   | Sonja gained the power of zot (level 1).
  8767 | Lair:1   | Killed the bezotted Sonja
  8767 | Lair:1   | Reached ****** piety under Okawaru
  9248 | Lair:2   | Received a gift from Okawaru
  9249 | Lair:2   | Got a fine demon whip {god gift}
  9250 | Lair:2   | Identified the +4 demon whip "Yssossud" {flame, rElec Dex+4} (Okawaru gifted it to you on level 2 of the Lair of Beasts)
  9311 | Lair:2   | Found a frozen archway.
  9351 | IceCv    | something gained the power of zot (level 1).
  9351 | IceCv    | something gained the power of zot (level 1).
  9351 | IceCv    | Entered an ice cave
  9919 | Lair:2   | Reached skill level 1 in Invocations
  9958 | Lair:2   | Noticed an eight-headed hydra
  9969 | Lair:2   | Killed an eight-headed hydra
  9969 | Lair:2   | Received a gift from Okawaru
 10739 | Lair:3   | something gained the power of zot (level 2).
 10944 | Lair:3   | Reached XP level 13. HP: 93/93 MP: 15/15
 11094 | Lair:3   | Reached skill level 16 in Fighting
 11767 | Lair:4   | something gained the power of zot (level 1).
 11767 | Lair:4   | something gained the power of zot (level 1).
 11767 | Lair:4   | something gained the power of zot (level 1).
 11767 | Lair:4   | something gained the power of zot (level 1).
 11767 | Lair:4   | something gained the power of zot (level 1).
 11767 | Lair:4   | something gained the power of zot (level 1).
 11767 | Lair:4   | Found a staircase to the Swamp.
 11844 | Lair:3   | something gained the power of zot (level 1).
 11844 | Lair:3   | something gained the power of zot (level 1).
 11844 | Lair:3   | a plant gained the power of zot (level 1).
 11844 | Lair:3   | a fungus gained the power of zot (level 1).
 11844 | Lair:3   | something gained the power of zot (level 1).
 12184 | Lair:4   | Received a gift from Okawaru
 12192 | Lair:4   | Found a hole to the Spider Nest.
 12231 | Lair:4   | Reached skill level 5 in Invocations
 12517 | Lair:3   | something gained the power of zot (level 2).
 12517 | Lair:3   | a bezotted plant gained the power of zot (level 2).
 12517 | Lair:3   | a bezotted fungus gained the power of zot (level 2).
 12550 | Lair:1   | a doubly bezotted plant gained the power of zot (level 3).
 12596 | Lair:5   | a doubly bezotted fungus gained the power of zot (level 3).
 12596 | Lair:5   | something gained the power of zot (level 3).
 12596 | Lair:5   | something gained the power of zot (level 3).
 12596 | Lair:5   | something gained the power of zot (level 2).
 12660 | Lair:5   | Found a viscous altar of Jiyva.
 12660 | Lair:5   | Found a staircase to the Slime Pits.
 13393 | Lair:6   | something gained the power of zot (level 1).
 13393 | Lair:6   | Entered Level 6 of the Lair of Beasts
 13461 | Lair:5   | something gained the power of zot (level 1).
 13461 | Lair:5   | a fungus gained the power of zot (level 1).
 13461 | Lair:5   | a yak gained the power of zot (level 1).
 13461 | Lair:5   | a wolf gained the power of zot (level 1).
 13461 | Lair:5   | a wolf gained the power of zot (level 1).
 13461 | Lair:5   | a wolf gained the power of zot (level 1).
 13461 | Lair:5   | a wolf gained the power of zot (level 1).
 13461 | Lair:5   | a wolf gained the power of zot (level 1).
 13529 | Lair:6   | Noticed Josephine
 13545 | Lair:6   | Killed Josephine
 13548 | Lair:6   | Gained mutation: Your large and strong wings let you fly indefinitely. [Gargoyle growth]
 13548 | Lair:6   | Reached XP level 14. HP: 79/100 MP: 18/18
 13767 | Lair:6   | Received a gift from Okawaru
 13768 | Lair:6   | Got a fine morningstar {god gift}
 14232 | Lair:6   | Reached skill level 10 in Armour
 14266 | Lair:6   | Received a gift from Okawaru
 14275 | Lair:6   | Got a faintly humming animal skin {god gift}
 14340 | Lair:6   | Identified the +1 animal skin of the Neverending Wishes {Regen+ Str+2 Dex+2} (Okawaru gifted it to you on level 6 of the Lair of Beasts)
 14548 | Lair:6   | a wyvern gained the power of zot (level 1).
 14548 | Lair:6   | a wyvern gained the power of zot (level 1).
 14579 | Lair:6   | Reached skill level 10 in Shields
 15169 | Lair:6   | Found a large runed door.
 15170 | Lair:6   | Found a large runed door.
 15428 | Lair:5   | something gained the power of zot (level 2).
 15428 | Lair:5   | a bezotted fungus gained the power of zot (level 2).
 15449 | Lair:4   | a bezotted fungus gained the power of zot (level 2).
 15473 | Lair:3   | something gained the power of zot (level 3).
 15598 | D:9      | something gained the power of zot (level 3).
 15598 | D:9      | something gained the power of zot (level 3).
 15598 | D:9      | something gained the power of zot (level 3).
 15598 | D:9      | something gained the power of zot (level 3).
 15598 | D:9      | something gained the power of zot (level 3).
 15598 | D:9      | something gained the power of zot (level 3).
 15598 | D:9      | something gained the power of zot (level 3).
 15598 | D:9      | something gained the power of zot (level 3).
 15598 | D:9      | something gained the power of zot (level 3).
 15598 | D:9      | something gained the power of zot (level 3).
 15598 | D:9      | something gained the power of zot (level 3).
 15598 | D:9      | something gained the power of zot (level 3).
 15598 | D:9      | something gained the power of zot (level 3).
 15598 | D:9      | something gained the power of zot (level 3).
 15598 | D:9      | something gained the power of zot (level 2).
 15598 | D:9      | something gained the power of zot (level 3).
 15598 | D:9      | something gained the power of zot (level 3).
 15598 | D:9      | something gained the power of zot (level 3).
 15598 | D:9      | something gained the power of zot (level 3).
 15598 | D:9      | something gained the power of zot (level 3).
 15598 | D:9      | something gained the power of zot (level 3).
 15598 | D:9      | something gained the power of zot (level 3).
 15598 | D:9      | something gained the power of zot (level 3).
 15598 | D:9      | something gained the power of zot (level 2).
 15598 | D:9      | something gained the power of zot (level 3).
 15598 | D:9      | something gained the power of zot (level 3).
 15598 | D:9      | something gained the power of zot (level 3).
 15598 | D:9      | something gained the power of zot (level 3).
 15679 | D:10     | a bezotted skeletal warrior gained the power of zot (level 2).
 15679 | D:10     | a bezotted orc gained the power of zot (level 2).
 15679 | D:10     | a skeletal warrior gained the power of zot (level 1).
 15679 | D:10     | a bezotted skeletal warrior gained the power of zot (level 2).
 15679 | D:10     | an orc priest gained the power of zot (level 1).
 15703 | D:10     | Slain by a doubly bezotted skeletal warrior

Vault maps used:
D:1:      dpeg_chamrin_arrival_tetris, minmay_tromino_i4
D:2:      minitemple, chequers_temple_overflow_statue_of_worship,
          serial_park_tiny_1, st_stairs_7
D:4:      zin_angel, vehumet_crystals, uniq_crazy_yiuf_cottage, uniq_pikel,
          uniq_grinder
D:5:      lemuel_coloured_pillars_altar, minmay_temple_entry_trees, first_bread
D:6:      nicolae_dithmenos_the_darkroom
D:8:      minmay_lair_entry_grove, serial_shops, nicolae_shop_waterfront
D:9:      grunt_temple_overflow_open, serial_shops, shop_statue, minivault_24
D:10:     special_room
Temple:   nicolae_temple_x_marks_the_god
Lair:1:   uniq_sonja
Lair:2:   portal_ice_cave_entry_pillars_1
Lair:3:   wad_woods_minihive, grunt_forest_large_clearings
Lair:4:   swamp_mist, nicolae_spider_entry_tight_spaces
Lair:5:   dpeg_slime_entry_enclosed_altar, lemuel_fruit_fields
Lair:6:   cheibrodos_lair_end_hotspot, serial_bayou_crossing,
          infiniplex_staircase_pool_2, uniq_josephine
IceCv:    ice_cave_tombish

Skill      XL: |  1  2  3  4  5  6  7  8  9 10 11 12 13 14 |
---------------+-------------------------------------------+-----
Fighting       | 4 5 6 8 10 12 14 15 16 | 16.9
Maces & Flails | 3 4 5 7 8 9 11 12 13 | 13.4
Armour         | 5 7 9 10 | 10.4
Shields        | 5 7 9 10 | 10.2
Invocations    | 2 6 7 |  7.5

Action                   |  1- 3 |  4- 6 |  7- 9 | 10-12 | 13-15 || total
-------------------------+-------+-------+-------+-------+-------++-------
Melee: Flail             |   132 |   151 |   347 |   208 |       ||   838
       Whip              |       |       |       |   523 |       ||   523
       Demon whip        |       |       |       |   233 |   837 ||  1070
Invok: Heroism           |       |       |       |     1 |     1 ||     2
       Finesse           |       |       |       |       |     2 ||     2
Evoke: Wand              |       |       |       |     4 |       ||     4
  Use: Scroll            |       |    12 |     5 |     9 |     5 ||    31
       Potion            |       |     1 |       |     1 |     2 ||     4
 Stab: Confused          |       |       |       |     2 |       ||     2
  Eat: Bread ration      |       |     2 |       |     2 |       ||     4
       Fruit             |       |     1 |     2 |     2 |    12 ||    17
       Meat ration       |       |     1 |     2 |     1 |       ||     4
       Chunk             |       |       |     7 |     5 |     6 ||    18
       Royal jelly       |       |       |       |     3 |       ||     3
Armor: Scale mail        |    25 |       |       |       |    75 ||   100
       Chain mail        |    48 |    95 |   242 |   432 |   317 ||  1134
Dodge: Dodged            |    48 |    28 |    58 |   137 |   148 ||   419
Block: Shield            |    68 |    86 |   193 |   414 |   460 ||  1221
